 Dungeon Crawl Stone Soup version 0.32-a0-599-gba8f9cf90e (webtiles) character file.

Game seed: 1807004024695484092

28 BeKind the Sneak (level 2, -1/13 HPs)
             Began as a Felid Air Elementalist on Mar 2, 2024.
             Slain by a ribbon worm (8 damage)
             ... on level 2 of the Dungeon.
             The game lasted 00:02:07 (1297 turns).

BeKind the Sneak (Felid Air Elementalist)           Turns: 1297, Time: 00:02:08

Health: -1/13      AC:  1    Str:  4    XL:     2   Next: 96%
Magic:  0/6        EV:  9    Int: 18    God:
Gold:   58         SH:  0    Dex: 16    Spells: 4/5 levels left
                                        Lives:  0   Deaths: 1

rFire   . .          .
                       - Unarmed
rCold   . . .        (shield unavailable)
rNeg    . . .        (body armour unavailable)
rPois   .            (helmet unavailable)
rElec   .            (cloak unavailable)
rCorr   .            (gloves unavailable)
SInv    +            (boots unavailable)
Will    .....        (no amulet)
Stlth   ++           (no ring)
HPRegen 0.22/turn    (no ring)
MPRegen 0.10/turn

%: no passive effects
@: held
A: very small, claws 1, fangs 3, see invisible, shaggy fur 1, stealthy paws, no
weapons or thrown items, no armour, multi-lived
a: no special abilities


You were on level 2 of the Dungeon.
You visited 1 branch of the dungeon, and saw 2 of its levels.

You collected 58 gold pieces.

Inventory:

Jewellery
 e - a ring of wizardry
Scrolls
 b - 3 scrolls of identify {unknown}
 c - a scroll of vulnerability {unknown}
 f - a scroll of fog {unknown}
Potions
 a - a potion of magic
 d - a potion of attraction {unknown}


   Skills:
 + Level 3.1 Dodging
 + Level 3.2 Stealth
 * Level 1.1 Unarmed Combat
 + Level 2.2 Spellcasting
 + Level 1.2 Conjurations
 + Level 2.8 Air Magic


You had 4 spell levels left.
You knew the following spells:

 Your Spells              Type           Power      Damage    Failure   Level
a - Shock                 Conj/Air       36%        1d5       8%          1

Your spell library contained the following spells:

 Spells                   Type           Power      Damage    Failure   Level
 Static Discharge         Conj/Air       18%        3-4/arc   12%         2
 Swiftness                Air            12%        N/A       17%         3
 Airstrike                Air            6%         2d(1-17)  50%         4


Dungeon Overview and Level Annotations

Branches:
Dungeon (2/15)

Altars:


Innate Abilities, Weirdness & Mutations

You have sharp claws.
You have razor-sharp teeth.
You have supernaturally acute eyesight. (SInv)
You are covered in fur. (AC +1)
Your paws help you pounce on unaware monsters.
You are incapable of wielding weapons or throwing items.
You cannot wear armour.
You gain extra lives every three experience levels.


Message History

You closely miss the rat. The rat closely misses you.
You closely miss the rat. The rat misses you.
You scratch the rat.
You kill the rat!
The zap misses the ribbon worm.
The ribbon worm expels a string of sticky webbing.
The stream of webbing hits you but does no damage.
You are caught in a web!
You are out of magic!
You are out of magic!
You are caught in a web!
You are caught in a web!
The web tears apart.
The ribbon worm closely misses you.
You scratch the ribbon worm.
The ribbon worm is lightly wounded.
The ribbon worm bites you.
You barely miss the ribbon worm.
The ribbon worm is lightly wounded.
You scratch the ribbon worm.
The ribbon worm is lightly wounded.
The ribbon worm misses you.
You scratch the ribbon worm.
The ribbon worm is moderately wounded.
The ribbon worm bites you.
You scratch the ribbon worm.
The ribbon worm is heavily wounded.
The ribbon worm expels a string of sticky webbing.
The stream of webbing hits you but does no damage.
You are caught in a web!
You struggle to detach yourself from the web.
Casting: Shock (safe; 8% risk of failure)
Confirm with . or Enter, or press ? or * to list all spells.
Aiming: Shock (safe; 8% risk of failure)
Press: ? - help, Shift-Dir - straight line, f/p - ribbon worm
Aim: a ribbon worm (moderately wounded, catching its breath, 89% to hit)
The zap hits the ribbon worm.
The ribbon worm is severely wounded.
The ribbon worm bites you!
Ouch! That really hurt!
You die...

### #.# #@# #w#
#.## #).###
#....##
#######†.<.#
........#..)#
......).##......
......... ..#.##


You could see a ribbon worm (catching breath).

Vanquished Creatures
  4 endoplasms (D:1)
  3 giant cockroaches
  3 goblins (D:1)
  3 hobgoblins
  2 quokkas (D:1)
  2 frilled lizards (D:1)
  4 kobolds
  3 rats
24 creatures vanquished.

Notes
Turn   | Place    | Note
-------+----------+-------------------------------------------
     0 | D:1      | BeKind the Felid Air Elementalist began the quest for the
                  | Orb.
     0 | D:1      | Reached XP level 1. HP: 9/9 MP: 4/4
   149 | D:1      | Reached skill level 1 in Conjurations
   328 | D:1      | Slain by a goblin
   328 | D:1      | Lost a life (0 lives remaining)
   355 | D:1      | Reached XP level 2. HP: 13/13 MP: 6/6
  1198 | D:1      | Found a faded altar of an unknown god.
  1259 | D:2      | Reached skill level 1 in Unarmed Combat
  1297 | D:2      | Slain by a ribbon worm

Illustrated notes

Levels and vault maps discovered:
D:1:      elethiomel_arrival_quiet, layout_basic,
          shapermc_ecumenical_altar_mp_vishouse, nicolae_hexahallways
D:2:      layout_rooms, uniq_natasha

Skill      XL: |  1  2 |
---------------+-------+-----
Conjurations   | 1 |  1.2
Stealth        | 3 |  3.2
Dodging        | 3 |  3.1
Unarmed Combat | 1 |  1.1
Spellcasting   | |  2.2
Air Magic      | |  2.8

Action                     || total
---------------------------++-------
  Melee: Unarmed           ||    64
         Bite              ||     3
         Punch             ||     1
   Cast: Shock             ||    31
   Stab: Sleeping          ||     3
 Armour: Skin              ||    20
  Dodge: Dodged            ||    62

Table legend: (Time is in decaauts)
 A = Elapsed time spent in this place.
 B = Non-inter-level travel time spent in this place.
 C = Inter-level travel time spent in this place.
 D = Time resting spent in this place.
 E = Time spent auto-exploring this place.
 F = Levels seen in this place.
 G = Mean time per level.
                   A        B        C        D        E       F      G
               +--------+--------+--------+--------+--------+-----+--------+
         Total |   1295 |   1253 |     42 |      0 |   1089 |   2 |  647.5 |
       Dungeon |   1295 |   1253 |     42 |      0 |   1089 |   2 |  647.5 |
               +--------+--------+--------+--------+--------+-----+--------+

Top non-repeatable levels by time:
     D:1: 1253 daAuts
     D:2: 42 daAuts
